 Dungeon Crawl Stone Soup version 0.30-a0-748-ge6a52f7cba (webtiles) character file.

Game seed: 4441355637127780820

8390 Darius099 the Severer (level 11, -15/85 HPs)
             Began as a Minotaur Fighter on Feb 8, 2023.
             Was a Follower of Okawaru.
             Killed from afar by a molten gargoyle (19 damage)
             ... with a bolt of magma
             ... on level 10 of the Dungeon.
             The game lasted 00:25:30 (9442 turns).

Darius099 the Severer (Minotaur Fighter)            Turns: 9442, Time: 00:25:32

Health: -15/85     AC: 21    Str: 24    XL:     11   Next: 9%
Magic:  14/14      EV:  8    Int:  5    God:    Okawaru [*.....]
Gold:   898        SH: 12    Dex: 11    Spells: 10/10 levels left

rFire   + . .      SeeInvis .    B - +0 broad axe
rCold   + . .      Faith    .    D - +0 tower shield "Japur" {rElec rN+}
rNeg    + . .      Spirit   .    x - +0 plate armour
rPois   +          Reflect  .    c - +0 hat
rElec   +          Harm     .    K - +0 cloak
rCorr   +          Rampage  .    N - +2 pair of gloves
Will    .....                    C - +0 pair of boots Stlth
                                 (no amulet)
HPRegen 0.34/turn                j - +5 ring of evasion
MPRegen 0.14/turn                y - +4 ring of protection

@: resistant
A: horns 2, retaliatory headbutt
a: Renounce Religion, Heroism


You were on level 10 of the Dungeon.
You worshipped Okawaru.
Okawaru was aware of your devotion.
You visited 2 branches of the dungeon, and saw 11 of its levels.
You also visited: Bailey.

You collected 1261 gold pieces.
You spent 363 gold pieces at shops.

Inventory:

Hand Weapons
 B - a +0 broad axe (weapon)
Missiles
 b - 104 stones (quivered)
 v - 12 curare-tipped darts
 G - 37 poisoned darts
 L - 9 boomerangs
Armour
 c - a +0 hat (worn)
 q - a +0 scale mail of poison resistance
 x - a +0 plate armour (worn)
 C - a +0 pair of boots (worn)
 D - the +0 tower shield "Japur" (worn) {rElec rN+}
   (You bought it in a shop on level 9 of the Dungeon)

   rElec:     It insulates you from electricity.
   rN:        It protects you from negative energy.
 K - a +0 cloak (worn)
 N - a +2 pair of gloves (worn)
Jewellery
 g - a ring of resist corrosion
 h - a ring of flight
 j - a +5 ring of evasion (left hand)
 y - a +4 ring of protection (right hand)
 H - an amulet of magic regeneration
Wands
 a - a wand of flame (14)
 r - a wand of paralysis (7)
 E - a wand of digging (7)
Scrolls
 e - 8 scrolls of teleportation
 f - 2 scrolls of identify
 i - a scroll of poison {unknown}
 m - 2 scrolls of fog
 n - a scroll of magic mapping {unknown}
 p - a scroll of fear
 u - 3 scrolls of enchant armour
 w - 2 scrolls of blinking {unknown}
 I - a scroll of butterflies {unknown}
 J - 2 scrolls of torment {unknown}
Potions
 d - a potion of might
 k - 2 potions of heal wounds
 l - a potion of magic
 o - 6 potions of mutation
 s - 4 potions of flight
 t - a potion of curing
 z - 3 potions of brilliance
 A - 3 potions of lignification
 M - a potion of degeneration {unknown}


   Skills:
 + Level 4.8 Fighting
 - Level 16.9 Axes
 - Level 5.7 Throwing
 + Level 4.8 Armour
 + Level 4.8 Shields
 - Level 5.7 Invocations


You had 10 spell levels left.
You didn't know any spells.
Your spell library contained the following spells:

 Spells                   Type           Power      Damage    Failure   Level
 Necrotise                Necr           0%         1d4       100%        1
 Slow                     Hex            0%         N/A       100%        1
 Confusing Touch          Hex            0%         N/A       100%        3
 Portal Projectile        Hex/Tloc       0%         N/A       100%        3
 Vampiric Draining        Necr           0%         2d6       100%        3
 Agony                    Necr           0%         N/A       100%        5
 Blade Hands              Tmut           0%         N/A       100%        5
 Tukima's Dance           Hex            Unusable   N/A       N/A         3

Dungeon Overview and Level Annotations

Branches:
Dungeon (10/15)            Temple (1/1) D:5            Lair (0/5) D:9
 Bailey (visited)
    Orc: D:9-12

Altars:
Ashenzari
Cheibriados
Dithmenos
Elyvilon
Fedhas
Gozag
Hepliaklqana
Kikubaaqudgha
Makhleb
Nemelex Xobeh
Okawaru
Qazlal
Ru
Sif Muna
Uskayaw
Vehumet
Wu Jian
Xom
Yredelemnul
Zin
The Shining One

Shops:
D:5 ?   D:9 [

Annotations:
D:9 3 runed translucent doors


Innate Abilities, Weirdness & Mutations

You have a pair of horns on your head.
You reflexively headbutt those who attack you in melee.


Message History

The molten gargoyle blasts magma at you!
The bolt of magma hits you!! You partially resist.
The molten gargoyle barely misses you.
You slash the molten gargoyle!
The molten gargoyle is almost destroyed.
You block the molten gargoyle's attack.
You barely miss the molten gargoyle.
The molten gargoyle is almost destroyed.
The molten gargoyle blasts magma at you!
The bolt of magma hits you but does no damage.
You completely miss the molten gargoyle.
The molten gargoyle is almost destroyed.
You block the molten gargoyle's attack.
You hit the molten gargoyle.
Your headbutt misses the molten gargoyle.
The molten gargoyle is almost destroyed.
The molten gargoyle hits you with a +0 morningstar!!
* * * LOW HITPOINT WARNING * * *
You are engulfed in flames.
You resist.
* * * LOW HITPOINT WARNING * * *
The molten gargoyle closely misses you.
You hit the molten gargoyle but do no damage.
The molten gargoyle is almost destroyed.
The molten gargoyle blasts magma at you!
The bolt of magma hits you. You partially resist.
* * * LOW HITPOINT WARNING * * *
The molten gargoyle blasts magma at you!
The bolt of magma misses you.
You feel much better.
The molten gargoyle hits you with a +0 morningstar!
* * * LOW HITPOINT WARNING * * *
You are engulfed in flames.
You resist.
* * * LOW HITPOINT WARNING * * *
Okay, then.
As you read the scroll labelled ZIYDDA BAR QOQ, it crumbles to dust.
You assume a fearsome visage.
The molten gargoyle is unaffected. x2
It was a scroll of fear.
The molten gargoyle blasts magma at you!
The bolt of magma hits you!! You partially resist.
You die...

#.....+ #..'..+
#.....####..#..#
#...........#..#
#'##........#..#
#..#..#######'##
#..#.....#.....#
#..#.....#.....#
#..#..#..#.....#
#@#.#.#..#.....#
#9#9#.#.#.#.....#
..≈
≈...#..####..#
#.≈≈
≈≈≈..#.#.....#
#.≈≈≈
≈≈§.#..#..####
..#.≈§
8§≈..#.#..#..#
..#..§≈
8§≈§#..#.....+
#..#.≈§
§§§§.#)...#..#
#^.####..#


You could see 2 molten gargoyles.

Vanquished Creatures
  Erolcha (D:9)
  Pikel (D:4)
  An orc knight (Bailey)
  A cyclops (D:7)
  Joseph (D:7)
  A molten gargoyle (D:10)
  Maggie (D:6)
  A kobold demonologist (D:8)
  An unseen horror (D:9)
  Grinder (D:6)
  Sigmund (D:4)
  Eustachio (D:6)
  2 steam dragons
  3 vampire mosquitoes (D:10)
  An acid dragon (D:9)
  3 black bears
  3 orc warriors
  An ogre (D:6)
  2 centaurs
  5 phantoms
  A lemure (D:4)
  9 kobold brigands
  A gnoll sergeant (D:8)
  2 scorpions
  2 bullfrogs
  A necrophage (D:4)
  5 wights (D:7)
  A killer bee (D:8)
  5 spriggan skeletons (D:9)
  8 howler monkeys
  A troll skeleton (D:9)
  A jelly (D:5)
  3 hounds
  Crazy Yiuf (D:7)
  A gnoll bouda (D:8)
  3 orc priests
  5 iguanas
  6 orc wizards
  Terence (D:2)
  14 gnolls
  5 adders
  A white imp (D:5)
  3 ufetubi
  3 worms
  3 dart slugs
  23 orcs
  5 ball pythons
  5 endoplasms
  5 giant cockroaches
  5 goblins
  4 hobgoblins
  5 jackals
  2 quokkas
  7 bats
  3 frilled lizards
  26 kobolds
  3 rats (D:2)
211 creatures vanquished.

Vanquished Creatures (others)
  A kobold (D:9)
  4 fungi (D:7)
5 creatures vanquished.

Grand Total: 216 creatures vanquished

Notes
Turn   | Place    | Note
-------+----------+-------------------------------------------
     0 | D:1      | Darius099 the Minotaur Fighter began the quest for the Orb.
     0 | D:1      | Reached XP level 1. HP: 19/19 MP: 0/0
   132 | D:1      | Found a faded altar of an unknown god.
   224 | D:1      | Reached XP level 2. HP: 27/27 MP: 1/1
   629 | D:1      | Reached skill level 3 in Axes
  1007 | D:2      | Reached XP level 3. HP: 33/33 MP: 2/2
  1318 | D:2      | Reached skill level 4 in Axes
  1589 | D:2      | Noticed Terence
  1598 | D:2      | Reached XP level 4. HP: 36/40 MP: 3/3
  1600 | D:2      | Killed Terence
  1760 | D:3      | Reached skill level 5 in Axes
  2143 | D:3      | Reached XP level 5. HP: 46/46 MP: 4/4
  2853 | D:4      | Noticed a phantom
  2865 | D:4      | Killed a phantom
  2866 | D:4      | Reached skill level 6 in Axes
  3028 | D:4      | Noticed a lemure
  3030 | D:4      | Noticed Pikel
  3031 | D:4      | Noticed a lemure
  3031 | D:4      | Noticed a lemure
  3051 | D:4      | Killed a lemure
  3053 | D:4      | Noticed a lemure
  3067 | D:4      | Killed Pikel
  3068 | D:4      | Reached skill level 9 in Axes
  3068 | D:4      | Reached XP level 6. HP: 19/52 MP: 5/5
  3068 | D:4      | Reached XP level 7. HP: 21/59 MP: 6/6
  3262 | D:4      | Noticed Sigmund
  3271 | D:4      | Killed Sigmund
  3272 | D:4      | Reached skill level 10 in Axes
  3643 | D:5      | Entered Level 5 of the Dungeon
  3663 | D:5      | Reached XP level 8. HP: 64/66 MP: 7/7
  3692 | D:5      | Reached skill level 11 in Axes
  3803 | D:5      | Found a staircase to the Ecumenical Temple.
  3945 | D:5      | Found Igoidujy's Magic Scroll Shoppe.
  4095 | D:5      | You fall into a shaft and drop 1 floor!
  4143 | D:6      | Reached skill level 12 in Axes
  4147 | D:6      | Noticed Maggie
  4173 | D:6      | Killed Maggie
  4174 | D:6      | Reached skill level 13 in Axes
  4399 | D:6      | Noticed Grinder
  4409 | D:6      | Killed Grinder
  4493 | D:6      | Reached XP level 9. HP: 71/71 MP: 8/8
  4609 | D:6      | Reached skill level 14 in Axes
  4707 | D:6      | Noticed Eustachio
  4719 | D:6      | Killed Eustachio
  5038 | D:7      | Noticed a cyclops
  5077 | D:7      | Reached skill level 15 in Axes
  5083 | D:7      | Killed a cyclops
  5542 | D:5      | Reached skill level 16 in Axes
  5663 | D:7      | Noticed Joseph
  5681 | D:7      | Killed Joseph
  5737 | D:7      | Reached XP level 10. HP: 44/78 MP: 9/11
  6157 | D:7      | Found a runed translucent door.
  6157 | D:7      | Noticed Crazy Yiuf
  6163 | D:7      | Killed Crazy Yiuf
  6317 | D:8      | Found a radiant altar of Vehumet.
  6367 | D:8      | Found an opulent altar of Gozag.
  6411 | D:8      | Found a flagged portal.
  6422 | Bailey   | Entered a bailey
  6649 | Bailey   | Noticed an orc knight
  6667 | Bailey   | Killed an orc knight
  6675 | Bailey   | Found a burning altar of Makhleb.
  7591 | D:9      | Reached skill level 5 in Invocations
  7603 | D:9      | Reached skill level 5 in Throwing
  7801 | D:9      | Found a staircase to the Lair.
  7818 | D:9      | Found a basalt altar of Yredelemnul.
  7898 | Temple   | Entered the Ecumenical Temple
  8161 | Temple   | Became a worshipper of Warmaster Okawaru
  8260 | D:9      | Noticed Erolcha
  8295 | D:9      | Killed Erolcha
  8429 | D:9      | Found Acom Ittee's Armour Emporium.
  8474 | D:9      | Bought the +0 tower shield "Japur" {rElec rN+} for 363 gold
                  | pieces
  8724 | D:9      | Found a runed translucent gate.
  8724 | D:9      | Found a runed translucent gate.
  8724 | D:9      | Found a runed translucent gate.
  8726 | D:9      | Noticed a shining eye
  8726 | D:9      | Noticed a brown ugly thing
  8726 | D:9      | a shining eye changed into an anaconda
  8726 | D:9      | Noticed an anaconda (glowing shapeshifter)
  8726 | D:9      | Noticed a green ugly thing
  8727 | D:9      | Noticed a white ugly thing
  8728 | D:9      | Noticed a brown ugly thing
  8728 | D:9      | Noticed a brown ugly thing
  8728 | D:9      | Noticed a red ugly thing
  8749 | D:9      | Noticed a steelbarb worm
  8754 | D:9      | a steelbarb worm changed into a dream sheep
  8826 | D:9      | Reached * piety under Okawaru
  9068 | D:10     | Entered Level 10 of the Dungeon
  9074 | D:10     | Reached XP level 11. HP: 85/85 MP: 14/14
  9440 | D:10     | HP: 3/85 [molten gargoyle/bolt of magma (4)]
  9442 | D:10     | Killed from afar by a molten gargoyle

Illustrated notes

Levels and vault maps discovered:
D:1:      saegor_arrival_fortress, layout_loops_ring,
          hellmonk_ecumenical_altar_run_dry, minmay_strange_pillars,
          st_stairs_1, nrook_uturn
D:2:      layout_loops_cross, minmay_pentomino_x2, uniq_terence
D:3:      layout_loops_ring, serial_co_window_serial, co_window_paths_b,
          co_window_corner_a, co_window_paths_a, co_window_paths_a,
          co_window_corner_a, co_window_paths_a, co_window_of_opportunity_a,
          co_window_paths_b, co_window_paths_a, co_window_corner_b,
          co_window_corner_b, co_window_corner_b, co_window_of_opportunity_b,
          co_window_of_opportunity_b, co_window_corner_b, co_window_corner_ca,
          co_window_4corner_a, glass_columns_a, glass_columns_a,
          glass_columns_c, glass_columns_c, glass_columns_a
D:4:      layout_rooms, grunt_ministairs_6, serial_park_tiny_2,
          minmay_misc_feat_x, uniq_sigmund, uniq_pikel
D:5:      layout_basic, minmay_temple_entry_sparse_star, serial_shops,
          nicolae_shop_trees, grunt_decor_junction, hangedman_decor_push
D:6:      layout_basic, uniq_grinder, uniq_eustachio, uniq_maggie
D:7:      layout_rooms, uniq_joseph, uniq_crazy_yiuf_cottage
D:8:      layout_rooms, grunt_gozag_statues, vehumet_altar_wand_db,
          enter_bailey_2, minmay_fractal_squares_gapless_5
D:9:      layout_gridville, amcnicky_altar_gilded, lair_entry_dummy,
          serial_shops, shop, ploomutoo_gammafunk_ghost_potion_laboratory,
          hangedman_tell_no_tales, uniq_erolcha
D:10:     layout_grid_maze, lemuel_round_altar, hiddenorc2_lemuel,
          hangedman_glass_teeth, minivault_8
Temple:   dpeg_five_rooms_temple

Skill      XL: |  1  2  3  4  5  6  7  8  9 10 |
---------------+-------------------------------+-----
Armour         | 4 |  4.8
Fighting       | 4 |  4.8
Shields        | 4 |  4.8
Axes           | 3 4 5 9 10 13 16 | 16.9
Throwing       | 2 5 |  5.7
Invocations    | 2 5 |  5.7

Action                     |  1- 3 |  4- 6 |  7- 9 | 10-12 || total
---------------------------+-------+-------+-------+-------++-------
  Melee: War axe           |    65 |    80 |   233 |    21 ||   399
         Headbutt          |    10 |     5 |    39 |    57 ||   111
         Broad axe         |       |       |       |   241 ||   241
    Use: Scroll            |       |       |     9 |     4 ||    13
         Potion            |       |       |       |     4 ||     4
 Armour: Scale mail        |    25 |    14 |    13 |       ||    52
         Plate armour      |       |       |    59 |   159 ||   218
  Dodge: Dodged            |    42 |    43 |   138 |   135 ||   358
  Block: Buckler           |    13 |    19 |    41 |    40 ||   113
         Tower shield      |       |       |       |    41 ||    41

Table legend: (Time is in decaauts)
 A = Elapsed time spent in this place.
 B = Non-inter-level travel time spent in this place.
 C = Inter-level travel time spent in this place.
 D = Time resting spent in this place.
 E = Time spent auto-exploring this place.
 F = Levels seen in this place.
 G = Mean time per level.
                   A        B        C        D        E       F      G
               +--------+--------+--------+--------+--------+-----+--------+
         Total |   9442 |   8986 |    456 |   1426 |   4557 |  12 |  786.8 |
       Dungeon |   8674 |   8252 |    422 |   1211 |   4309 |  10 |  867.4 |
        Temple |    298 |    264 |     34 |      0 |    248 |   1 |  298.0 |
        Bailey |    469 |    469 |      0 |    215 |      0 |   1 |  469.0 |
               +--------+--------+--------+--------+--------+-----+--------+

Top non-repeatable levels by time:
     D:3: 1138 daAuts
     D:6: 1095 daAuts
     D:9: 1070 daAuts
     D:1: 991 daAuts
     D:8: 875 daAuts
     D:4: 805 daAuts
     D:5: 786 daAuts
     D:7: 781 daAuts
     D:2: 751 daAuts
  Bailey: 469 daAuts
    D:10: 378 daAuts
  Temple: 298 daAuts
